 Dungeon Crawl Stone Soup version 0.25-a0-528-g6b7c99946c (webtiles) character file.

Game seed: 11476583248428033576, levelgen mode: deterministic

81 kae the Firebug (level 4, -2/24 HPs)
             Began as a Tengu Fire Elementalist on Feb 19, 2020.
             Slain by a worm (7 damage)
             ... on level 3 of the Dungeon.
             The game lasted 00:02:50 (2427 turns).

kae the Firebug (Tengu Fire Elementalist)           Turns: 2427, Time: 00:02:51

Health: -2/24      AC:  3    Str:  8    XL:     4   Next: 42%
Magic:  5/9        EV: 13    Int: 16    God:
Gold:   134        SH:  0    Dex: 15    Spells: 1/8 levels left

rFire    . . .     SeeInvis .   j - +0 dagger (protect)
rCold    . . .     Gourm    .   (no shield)
rNeg     . . .     Faith    .   a - +1 robe
rPois    .         Spirit   .   (helmet restricted)
rElec    .         Reflect  .   (no cloak)
rCorr    .         Harm     .   (no gloves)
MR       .....                  (boots unavailable)
Stlth    ++........             (no amulet)
HPRegen  0.08/turn              (no ring)
MPRegen  0.11/turn              (no ring)

@: no status effects
A: beak, talons 3
a: no special abilities


You were on level 3 of the Dungeon.
You were not hungry.

You visited 1 branch of the dungeon, and saw 3 of its levels.

You collected 134 gold pieces.

Inventory:

Hand Weapons
 j - a +0 dagger of protection (weapon)
Armour
 a - a +1 robe (worn)
Scrolls
 b - a scroll of remove curse
 d - a scroll of identify
 f - a scroll of teleportation
 i - a scroll of fog {unknown}
 k - a scroll of amnesia
Potions
 e - a potion of haste
 g - 3 potions of curing
 h - a potion of heal wounds {unknown}
Comestibles
 c - 7 rations
 l - a chunk of flesh


   Skills:
 - Level 2.1 Dodging
 - Level 2.0 Stealth
 + Level 2.7 Spellcasting
 + Level 2.9 Conjurations
 * Level 4.6 Fire Magic


You had one spell level left.
You knew the following spells:

 Your Spells              Type           Power        Failure   Level  Hunger
a - Foxfire               Conj/Fire      ##..         4%          1    #......
b - Conjure Flame         Conj/Fire      ##......     12%         3    ###....
c - Inner Flame           Hex/Fire       #.......     22%         3    ###....

Your spell library contained the following spells:

 Spells                   Type           Power        Failure   Level  Hunger
 Sticky Flame             Conj/Fire      ##......     38%         4    #####..
 Fireball                 Conj/Fire      ##........   75%         5    ######.


Dungeon Overview and Level Annotations

Branches:
Dungeon (3/15)

Altars:
Trog

Annotations:
D:3 2 transporters, EnegeticOcto's ghost, amateur DDFi


Innate Abilities, Weirdness & Mutations

You have a beak for a mouth.
You have claws for feet.


Message History

The foxfire hits the worm.
The worm is lightly wounded.
The foxfire hits the worm.
The worm is moderately wounded.
The foxfire hits the worm.
The worm is moderately wounded.
The moth of wrath goads the worm on!
The worm goes berserk!
Casting: Foxfire (safe; 4% risk of failure)
Confirm with . or Enter, or press ? or * to list all spells.
You conjure some foxfire!
The worm bites you!
The foxfire hits the worm.
The worm is heavily wounded.
The foxfire hits the worm.
The worm is heavily wounded.
The worm bites you!
* * * LOW HITPOINT WARNING * * *
Casting: Foxfire (safe; 4% risk of failure)
Confirm with . or Enter, or press ? or * to list all spells.
You conjure some foxfire!
The worm bites you!
You die...

#....##.#### #..####.#
#####..####.#
#...........#
#.#.#.......#
#...#.##.##.#
##.##.##.##.#
####.####..##.# ##+##
#..v@...##.##.###...#
#....wv...####.##.....
#...........###.#......
#....###....#..........
#...##y##...#..........
#....###....####.......
##....r....## ##......
#...._rr.)# ##.....
##...#


You could see a moth of wrath, a worm (berserk) and 3 rats.

Vanquished Creatures
  2 adders (D:2)
  An ooze (D:1)
  4 worms (D:2)
  A dart slug (D:2)
  2 leopard geckos (D:2)
  A ball python (D:2)
  5 bats
  A giant cockroach (D:2)
  5 goblins
  8 hobgoblins
  A quokka (D:2)
  3 frilled lizards (D:2)
  2 kobolds (D:2)
  10 rats
46 creatures vanquished.

Vanquished Creatures (others)
  143 foxfires
143 creatures vanquished.

Grand Total: 189 creatures vanquished

Notes
Turn   | Place    | Note
-------+----------+-------------------------------------------
     0 | D:1      | kae the Tengu Fire Elementalist began the quest for the
                  | Orb.
     0 | D:1      | Reached XP level 1. HP: 10/10 MP: 4/4
   190 | D:1      | Reached XP level 2. HP: 8/15 MP: 1/6
   814 | D:2      | Reached skill level 4 in Fire Magic
   814 | D:2      | Reached XP level 3. HP: 19/19 MP: 4/7
  1051 | D:2      | Learned a level 3 spell: Conjure Flame
  1055 | D:2      | Learned a level 3 spell: Inner Flame
  1122 | D:2      | Reached XP level 4. HP: 9/24 MP: 1/8
  2006 | D:2      | Found a faded altar of an unknown god.
  2205 | D:3      | Found a transporter.
  2208 | D:3      | Noticed EnegeticOcto's ghost (amateur DDFi)
  2210 | D:3      | Found a transporter.
  2412 | D:3      | Noticed a moth of wrath
  2416 | D:3      | Found a bloodstained altar of Trog.
  2427 | D:3      | Slain by a worm

Levels and vault maps discovered:
D:1:      evilmike_arrival_hilbert_curve, layout_rooms
D:2:      layout_basic, chequers_ecumenical_altar_simple_redux
D:3:      layout_loops_corners, tgw_trog, gammafunk_ghost_arena

Skill      XL: |  1  2 |
---------------+-------+-----
Conjurations   | 2 |  2.9
Fire Magic     | 4 |  4.6
Dodging        | |  2.1
Stealth        | |  2.0
Spellcasting   | |  2.7

Action                   |  1- 3 |  4- 6 || total
-------------------------+-------+-------++-------
Melee: Unarmed           |    16 |     7 ||    23
       Kick              |     3 |     3 ||     6
       Peck              |     2 |     3 ||     5
       Dagger            |       |    10 ||    10
 Cast: Foxfire           |    46 |    43 ||    89
  Use: Scroll            |     5 |     3 ||     8
       Potion            |     1 |       ||     1
 Stab: Sleeping          |     2 |       ||     2
  Eat: Chunk             |     1 |     5 ||     6
Armor: Robe              |     7 |     5 ||    12
Dodge: Dodged            |    32 |     8 ||    40

Table legend:
 A = Non-vault XP
 B = Vault XP
 C = Vault XP percentage of total XP
 D = Non-vault monster count
 E = Vault monster count
 F = Vault count percentage of total count
                 A         B        C        D         E       F
            +---------+---------+-------+---------+---------+-------
      Total |     117 |       0 |   0.0 |      46 |       0 |   0.0
            +---------+---------+-------+---------+---------+-------
        D:1 |      31 |       0 |   0.0 |      17 |       0 |   0.0
        D:2 |      81 |       0 |   0.0 |      25 |       0 |   0.0
        D:3 |       5 |       0 |   0.0 |       4 |       0 |   0.0
            +---------+---------+-------+---------+---------+-------
